 Dungeon Crawl Stone Soup version 0.29-a0-1033-gb6c65ffae6 (webtiles) character file.

Game seed: 11468755781218286094

48 polve the Cutter (level 3, -2/29 HPs)
             Began as a Demonspawn Abyssal Knight on Aug 14, 2022.
             Was a Believer of Lugonu.
             Slain by a gnoll
             ... wielding a +0 halberd
              (4 damage)
             ... on level 2 of the Dungeon.
             The game lasted 00:01:12 (1693 turns).

polve the Cutter (Demonspawn Abyssal Knight)        Turns: 1693, Time: 00:01:13

Health: -2/29      AC:  5    Str: 15    XL:     3   Next: 50%
Magic:  4/4        EV: 10    Int: 11    God:    Lugonu [**....]
Gold:   77         SH:  0    Dex: 13    Spells: 2/2 levels left

rFire   + . .      SeeInvis .   a - +0 rapier
rCold   x . .      Faith    .   (no shield)
rNeg    . . .      Spirit   .   b - +0 ring mail
rPois   .          Reflect  .   (no helmet)
rElec   .          Harm     .   (no cloak)
rCorr   .          Rampage  .   (no gloves)
Will    .....                   (no boots)
Stlth   +.........              (no amulet)
HPRegen 0.09/turn               c - ring of fire
MPRegen 0.09/turn               (no ring)

@: no status effects
A: hooves 1, demonic touch 1
a: Renounce Religion, Depart the Abyss, Bend Space


You were on level 2 of the Dungeon.
You worshipped Lugonu.
Lugonu was pleased with you.
You visited 1 branch of the dungeon, and saw 2 of its levels.
You visited the Abyss 1 time.

You collected 77 gold pieces.

Inventory:

Hand Weapons
 a - a +0 rapier (weapon)
Armour
 b - a +0 ring mail (worn)
Jewellery
 c - a ring of fire (left hand)
Scrolls
 d - a scroll of acquirement {unknown}
 e - 2 scrolls of identify {unknown}
 f - a scroll of teleportation {unknown}
Potions
 g - a potion of flight {unknown}
 h - a potion of mutation {unknown}


   Skills:
 - Level 3.0 Fighting
 + Level 3.6 Short Blades
 - Level 1.7 Armour
 - Level 0.8 Dodging
 - Level 2.4 Invocations


You had 2 spell levels left.
You didn't know any spells.
Your spell library was empty.

Dungeon Overview and Level Annotations

Branches:
Dungeon (2/15)

Altars:


Innate Abilities, Weirdness & Mutations

You have large cloven feet.
Your touch may inflict minor irresistible damage on your foes.


Message History

You are too injured to fight recklessly!
You are too injured to fight recklessly!
You are too injured to fight recklessly!
You are too injured to fight recklessly!
You are too injured to fight recklessly!
You are too injured to fight recklessly!
The gnoll hits you with a +0 whip.
The gnoll hits you from afar with a +0 halberd.
The endoplasm attacks as you move away! The endoplasm hits you.
The endoplasm attacks as you move away! The endoplasm hits you.
The endoplasm attacks as you move away! The endoplasm hits you.
You hit the endoplasm.
The endoplasm is lightly wounded.
The endoplasm barely misses you.
You hit the endoplasm. You kick the endoplasm.
You kill the endoplasm!
Lugonu accepts your kill. The gnoll hits you but does no damage.
You hit the gnoll. Your kick misses the gnoll.
You touch the gnoll!
You kill the gnoll!
Lugonu accepts your kill. The gnoll closely misses you.
The gnoll barely misses you.
Things that are here:
a +0 whip; a gnoll corpse You hit the gnoll but do no damage.
The gnoll is moderately wounded.
The gnoll hits you with a +0 halberd.
* * * LOW HITPOINT WARNING * * *
The gnoll hits you from afar with a +0 spear.
* * * LOW HITPOINT WARNING * * *
You hit the gnoll but do no damage.
The gnoll is moderately wounded.
The gnoll hits you with a +0 halberd.
* * * LOW HITPOINT WARNING * * *
The gnoll barely misses you.
You hit the gnoll but do no damage. You kick the gnoll, but do no damage.
The gnoll is lightly wounded.
The gnoll hits you with a +0 halberd.
You die...

#.#.#.#.#..#.# #.#
#.#...#.#..#.######
#.#
#.#####...†.......#
#.#
#......<..#.#####.#
#.# #########....#
#.####.## #.####
#.......# #.#
######### #.#
#######@# #.....#g#
#.....#g####
$##.....#....#
..'..g...###.#
###......# #
#........
#.....#### #.....#


You could see 2 gnolls.

Vanquished Creatures
  A gnoll (D:2)
  An adder (D:2)
  4 endoplasms
  2 goblins (D:1)
  2 hobgoblins
  4 jackals (D:1)
  3 kobolds (D:1)
  A quokka (D:1)
  2 ball pythons (D:1)
  2 bats (D:1)
  A frilled lizard (D:1)
  5 rats
28 creatures vanquished.

Notes
Turn   | Place    | Note
-------+----------+-------------------------------------------
     0 | Abyss:1  | polve the Demonspawn Abyssal Knight began the quest for the
                  | Orb.
     0 | Abyss:1  | Reached XP level 1. HP: 18/18 MP: 2/2
     0 | Abyss:1  | Found a corrupted altar of Lugonu.
    69 | D:1      | Escaped the Abyss
   589 | D:1      | Reached ** piety under Lugonu
   637 | D:1      | Discovered your monstrous ancestry.
   637 | D:1      | Gained mutation: You have large cloven feet. [demonic
                  | ancestry]
   637 | D:1      | Reached XP level 2. HP: 20/24 MP: 3/3
  1600 | D:2      | Gained mutation: Your touch may inflict minor irresistible
                  | damage on your foes. [demonic ancestry]
  1600 | D:2      | Reached XP level 3. HP: 26/29 MP: 4/4
  1693 | D:2      | Slain by a gnoll

Illustrated notes

Levels and vault maps discovered:
D:1:      wander_arrival_peaceful_grave, layout_loops_ring, st_stairs_9,
          minmay_heptomino_d4
D:2:      layout_basic, kennysheep_generic_room_4

Skill      XL: |  1  2 |
---------------+-------+-----
Short Blades   | 2 3 |  3.6
Fighting       | |  3.0
Armour         | |  1.7
Dodging        | |  0.8
Invocations    | |  2.4

Action                   || total
-------------------------++-------
Melee: Short sword       ||    71
       Punch             ||     1
       Kick              ||    17
       Rapier            ||    20
       Touch             ||     1
Invok: Depart the Abyss  ||     1
Armor: Leather armour    ||    26
       Ring mail         ||     4
Dodge: Dodged            ||    51

Table legend: (Time is in decaauts)
 A = Elapsed time spent in this place.
 B = Non-inter-level travel time spent in this place.
 C = Inter-level travel time spent in this place.
 D = Time resting spent in this place.
 E = Time spent auto-exploring this place.
 F = Levels seen in this place.
 G = Mean time per level.
                   A        B        C        D        E       F      G
               +--------+--------+--------+--------+--------+-----+--------+
         Total |   1690 |   1590 |    100 |      0 |   1395 |   3 |  563.3 |
       Dungeon |   1621 |   1521 |    100 |      0 |   1327 |   2 |  810.5 |
         Abyss |     69 |     69 |      0 |      0 |     68 |   1 |   69.0 |
               +--------+--------+--------+--------+--------+-----+--------+

Top non-repeatable levels by time:
     D:1: 1415 daAuts
     D:2: 205 daAuts
 Abyss:1: 69 daAuts
